 Dungeon Crawl Stone Soup version 0.24-a0-272-g1411513 (webtiles) character file.

Game seed: 15783749289736922312

156 Ijustatesigmund the Cudgeler (level 5, -1/36 HPs)
             Began as an Octopode Fighter on Apr 25, 2019.
             Slain by a sky beast (5 damage)
             ... on level 3 of the Dungeon.
             The game lasted 00:05:12 (2560 turns).

Ijustatesigmund the Cudgeler (Octopode Fighter)     Turns: 2560, Time: 00:05:12

Health: -1/36      AC:  1    Str: 20    XL:     5   Next: 38%
Magic:  6/6        EV: 12    Int: 10    God:
Gold:   217        SH:  9    Dex: 13    Spells: 4/4 levels left

rFire    . . .     SeeInvis .   m - -2 war axe (curse)
rCold    . . .     Gourm    .   b - +0 shield
rNeg     . . .     Faith    .   (helmet restricted)
rPois    .         Spirit   .   (no amulet)
rElec    .         Reflect  .   f - ring of wizardry
rCorr    .         Harm     .   l - ring of attention (curse)
MR       .....                  (no ring)
Stlth    +.........             (no ring)
HPRegen  0.12/turn              (no ring)
MPRegen  0.10/turn              (no ring)
                                (no ring)
                                (no ring)

@: mighty
A: almost no armour, stealthy swim, amphibious, 8 rings, constrict 8, camouflage
1, blink, sense surroundings 1, gelatinous body 1
a: Blink


You were on level 3 of the Dungeon.
You were not hungry.

You visited 1 branch of the dungeon, and saw 3 of its levels.

You collected 217 gold pieces.

Inventory:

Hand Weapons
 a - a +0 flail
 m - a cursed -2 war axe (weapon)
Missiles
 u - 7 javelins (quivered)
Armour
 b - a +0 shield (worn)
Jewellery
 f - a ring of wizardry (left tentacle)
 k - an uncursed ring of fire
 l - a cursed ring of attention (right tentacle)
Wands
 h - a wand of polymorph (4)
 s - a wand of flame (17)
Scrolls
 o - 2 scrolls of blinking {unknown}
 q - a scroll of fog {unknown}
 t - a scroll of identify
Potions
 c - 2 potions of might
 e - a potion of mutation
 g - 3 potions of degeneration {unknown}
 i - 3 potions of invisibility {unknown}
 j - a potion of curing {unknown}
 n - a potion of cancellation {unknown}
 p - a potion of agility {unknown}
Comestibles
 d - 4 rations
 r - 2 chunks of flesh


   Skills:
 - Level 3.0 Fighting
 + Level 4.9 Maces & Flails
 - Level 3.0 Dodging
 - Level 3.0 Shields
 + Level 2.2 Evocations


You had 4 spell levels left.
You didn't know any spells.
Your spell library was empty.

Dungeon Overview and Level Annotations

Branches:
Dungeon (3/15)

Altars:
Gozag
Ru
Trog

Annotations:
D:3 2 transporters, 3 runed translucent doors, Yorgos's ghost, amateur KoSk


Innate Abilities, Weirdness & Mutations

You cannot wear most types of armour.
You are very stealthy in the water. (Stealth+)
You are amphibious.
You can wear up to eight rings at the same time.
You can use your tentacles to constrict eight enemies at once.
Your skin changes colour to match your surroundings (Stealth+).
Your rubbery body absorbs attacks. (AC +1, EV +1)
You can translocate small distances at will.
You passively map a small area around you.


Message History

Found 2 scrolls of identify.
You slash the orc!
You kill the orc!
The sky beast hits you. The sky beast shocks you.
You slash the sky beast!
The sky beast is heavily wounded.
You block the sky beast's attack.
You slash the sky beast!
The sky beast is severely wounded.
The sky beast hits you. The sky beast shocks you.
The sky beast flickers out of sight!
Deactivating autopickup; reactivate with Ctrl-A.
Something hits you. Something shocks you.
You miss something. Your squeeze misses something. Something hits you.
Something shocks you.
* * * LOW HITPOINT WARNING * * *
You closely miss something. You block something's attack. Something hits you.
* * * LOW HITPOINT WARNING * * *
Something shocks you.
You die...

..#......#.......# , , ,
..#..#####.....######## , .....#
#.#..#....#?...# ..#..#
#...##....#..# , ..#.##
#...####.....# , , .##.#
#...##.......# * ###.#
#...##....)###... ....#
#....####....#.#.### * ##.##
#......##@{..#.....# .# , ...#
#......####........##.# , ####
#......#* ...#....##.# , #
#......# , ...##......##*
########......# #####.......#*,
......##...)..#########.......##
###.#.##......#................#
#.#........................#.##
#.###########........#.....†.#Z


There were no monsters in sight!

Vanquished Creatures
  An orc priest (D:3)
  An orc wizard (D:3)
  2 adders
  An ooze (D:2)
  3 worms (D:2)
  2 dart slugs (D:1)
  A leopard gecko (D:3)
  4 orcs (D:3)
  4 giant cockroaches (D:1)
  9 goblins
  5 hobgoblins
  A quokka (D:3)
  A ball python (D:3)
  9 bats
  2 frilled lizards
  7 kobolds (D:1)
  9 rats
62 creatures vanquished.

Notes
Turn   | Place    | Note
-------+----------+-------------------------------------------
     0 | D:1      | Ijustatesigmund the Octopode Fighter began the quest for
                  | the Orb.
     0 | D:1      | Reached XP level 1. HP: 16/16 MP: 1/1
   111 | D:1      | Reached XP level 2. HP: 20/21 MP: 2/2
   154 | D:1      | Reached skill level 3 in Maces & Flails
   615 | D:1      | Reached XP level 3. HP: 25/26 MP: 3/3
   636 | D:1      | You fall through a shaft!
  1014 | D:2      | Found an opulent altar of Gozag.
  1179 | D:2      | Reached skill level 4 in Maces & Flails
  1306 | D:2      | Noticed a moth of wrath
  1309 | D:2      | Found a bloodstained altar of Trog.
  1614 | D:1      | Reached XP level 4. HP: 31/31 MP: 4/4
  2233 | D:2      | Gained mutation: You passively map a small area around you.
                  | [potion of mutation]
  2233 | D:2      | Gained mutation: You can translocate small distances at
                  | will. [potion of mutation]
  2238 | D:3      | Found a faded altar of an unknown god.
  2251 | D:3      | Found a transporter.
  2267 | D:3      | Found a transporter.
  2323 | D:3      | Reached skill level 1 in Evocations
  2323 | D:3      | Reached XP level 5. HP: 25/36 MP: 4/6
  2365 | D:3      | Found a runed translucent gate.
  2366 | D:3      | Found a runed translucent gate.
  2367 | D:3      | Found a runed translucent gate.
  2370 | D:3      | Noticed Yorgos's ghost (amateur KoSk)
  2485 | D:3      | Found a sacrificial altar of Ru.
  2549 | D:3      | Noticed a sky beast
  2560 | D:3      | Slain by a sky beast

Levels and vault maps discovered:
D:1:      ncdulo_smallfort, layout_basic, kennysheep_boxes
D:2:      layout_loops_cross, grunt_gozag_statues, tgw_trog, first_ration,
          grunt_decor_arrowhead
D:3:      gammafunk_steamed_eel, layout_basic, old_standard_altar,
          xom_redecorated, chequers_ecumenical_altar_simple_redux,
          gammafunk_ghost_necromancy, hangedman_decor_push, uniq_ijyb

Skill      XL: |  1  2  3  4 |
---------------+-------------+-----
Maces & Flails | 3 4 |  4.9
Evocations     | 2 |  2.2
Fighting       | |  3.0
Dodging        | |  3.0
Shields        | |  3.0

Action                   |  1- 3 |  4- 6 || total
-------------------------+-------+-------++-------
Melee: Flail             |    34 |       ||    34
       Constrict         |    17 |    10 ||    27
       Tentacles         |    13 |     6 ||    19
       War axe           |    32 |    50 ||    82
  Use: Scroll            |     2 |     1 ||     3
       Potion            |       |     3 ||     3
 Stab: Sleeping          |     9 |     1 ||    10
  Eat: Chunk             |     2 |     3 ||     5
Armor: Skin              |     3 |     6 ||     9
Dodge: Dodged            |    32 |    26 ||    58
Block: Shield            |    27 |    25 ||    52

Table legend:
 A = Non-vault XP
 B = Vault XP
 C = Vault XP percentage of total XP
 D = Non-vault monster count
 E = Vault monster count
 F = Vault count percentage of total count
                 A         B        C        D         E       F
            +---------+---------+-------+---------+---------+-------
      Total |     215 |       9 |   4.0 |      57 |       5 |   8.1
            +---------+---------+-------+---------+---------+-------
        D:1 |      39 |       0 |   0.0 |      23 |       0 |   0.0
        D:2 |      43 |       9 |  17.3 |      14 |       5 |  26.3
        D:3 |     133 |       0 |   0.0 |      20 |       0 |   0.0
            +---------+---------+-------+---------+---------+-------
